Unix NetHack Version 3.7.0-94 Work-in-progress - last build Dec 18 2023 00:11:04 (7e3deff068b9ef4f2ebb9a71ea0f5c4a3b578a14,branch:master). Game began 2023-12-24 12:54:21, ended 2023-12-24 20:26:53. proxxiSWE, lawful male human Archeologist -------------- --------- `.............| ###........| --------- #|.............## |.......| ----- ----- |....`(.| ##.............| |.......| |...| ....| |.......| ##|............| ---.-----########....| |...| |..<^.... ##|............| # ### |...| |...| ---.----- #-------------- o######## #....|#####|...| # ### ##[@##D# #|....#####-...| # # ########o# # #|...| |.... ## # ###### # #(---.- ----- ## # ### ## # # ## # # ------|-- # ### ####### |.....).| # -----.---- ---------# |.......|#### |.....*..| #|.......*# |......*|# |.........#)###%>......|# |.......|# |........| |.......|# |........# ---------- |........# --------- ------.-- ProxxiSWE the Investigator St:16 Dx:8 Co:14 In:12 Wi:17 Ch:9 Lawful S:5102 Dlvl:2 $:0 HP:0(49) Pw:41(41) AC:2 Xp:7/693 T:5875 Burdened Latest messages: You feel rather tired. You can move again. The gnome misses! You kill the gnome! The silver dragon eats a gnome corpse. You swap places with your silver dragon. You see here 7 darts. The gnome misses! The gnome hits! You kill the gnome! You see here a gnome corpse. There is a gnome corpse here; eat it? [ynq] (n) y This gnome corpse tastes okay. You stop eating the gnome corpse. You kill the gnome! There is a partly eaten gnome corpse here; eat it? [ynq] (n) y You resume your meal. The silver dragon eats a gnome corpse. You finish eating the gnome corpse. You swap places with your silver dragon. The hobgoblin hits! The hobgoblin misses! You miss the hobgoblin. You kill the hobgoblin! You miss the hill orc. The hill orc wields a curved sword! The curved sword welds itself to the hill orc's hand! The hill orc swings her curved sword. The hill orc hits! You hit the hill orc! The hill orc swings her curved sword. The hill orc misses! You miss the hill orc. The hill orc swings her curved sword. The hill orc hits! The hill orc swings her curved sword. The hill orc misses! You kill the hill orc! The hill orc swings her curved sword. The hill orc hits! The hill orc swings her curved sword. The hill orc hits! You miss the hill orc. The hill orc swings her curved sword. The hill orc hits! You hit the hill orc. The hill orc swings her curved sword. The hill orc hits! You die... Do you want your possessions identified? [ynq] (y) q Inventory: Amulets e - an uncursed amulet of ESP named ESP (being worn) Weapons a - a +2 bullwhip p - a +0 dwarvish mattock (weapon in hands) Armor L - a blessed +0 pair of iron shoes (being worn) S - an uncursed +0 dwarvish cloak (being worn) W - an uncursed +0 dwarvish mithril-coat (being worn) Comestibles y - an uncursed carrot d - 3 uncursed food rations K - an uncursed lembas wafer g - 3 uncursed tripe rations Scrolls R - an uncursed scroll of amnesia F - 2 uncursed scrolls of blank paper X - an uncursed scroll of enchant weapon C - a cursed scroll of identify M - an uncursed scroll of light Spellbooks w - an uncursed spellbook of healing o - an uncursed spellbook of sleep v - an uncursed spellbook of sleep Potions s - an uncursed potion of full healing U - a blessed potion of monster detection q - a blessed potion of paralysis A - a potion of holy water h - an uncursed potion of water r - an uncursed potion of water G - 6 uncursed potions of water P - an uncursed potion of water Rings H - an uncursed ring of see invisible (on left hand) Wands u - a wand of create monster (0:12) l - a wand of fire (0:5) N - a wand of make invisible (0:5) j - a wand of polymorph (0:3) Tools B - an uncursed sack containing 1 item b - an uncursed blindfold J - a blessed oil lamp i - an uncursed oil lamp k - an uncursed skeleton key n - 2 uncursed tallow candles f - a tinning kit (0:91) Gems/Stones m - 2 uncursed chrysoberyl stones Q - an uncursed dilithium crystal I - an uncursed obsidian stone t - an uncursed touchstone Contents of the sack: 1900 gold pieces ProxxiSWE the Archeologist's attributes: Background: You were an Investigator, a level 7 male human Archeologist. You were lawful, on a mission for Quetzalcoatl who was opposed by Camaxtli (neutral) and Huhetotl (chaotic). You were right-handed. You were in the Dungeons of Doom, on level 2. You entered the dungeon 5875 turns ago. You had 693 experience points, 587 more were needed to attain level 8. Your score was 5102 before end-of-game adjustments. Basics: You had 0 out of 49 hit points. You had all 41 energy points (spell power). Your armor class was 2. Your wallet was empty, but you had 1900 zorkmids stashed away in your pack. Autopickup was on for '$!?/="' plus thrown. Final Characteristics: Your strength was 16 (limit:18/100). Your dexterity was 8 (limit:18). Your constitution was 14 (limit:18). Your intelligence was 12 (limit:18). Your wisdom was 17 (limit:18). Your charisma was 9 (limit:18). Final Status: You weren't hungry. You were burdened; movement was slightly slowed. You were wielding a mattock. You had basic skill with pick-axe and could have enhanced that. Final Attributes: You were piously aligned. Your items were somewhat protected from fire. Your items were somewhat protected from cold. You were poison resistant. You saw invisible. You were telepathic. You had automatic searching. You were stealthy. You were guarded. You are dead. Miscellaneous: You never encountered a bones level. Total elapsed playing time was 53 minutes and 13 seconds. Major events: Turn 1: proxxiSWE the lawful male human Archeologist entered the dungeon 1381: attained the rank of Field Worker (level 3) 1837: entered the Gnomish Mines 3657: attained the rank of Investigator (level 6) 3840: reached Mine Town 5875: killed by a hill orc Vanquished creatures: a watchman an iron piercer a dingo a mountain nymph 3 rock piercers 2 rock moles a pony 2 fog clouds a yellow light a violet fungus 8 gnome leaders a gnomish wizard 3 kobold mummies a gray ooze a paper golem a little dog a floating eye 10 dwarves a homunculus a hill orc 5 rothes a rabid rat an orc zombie 5 iguanas 2 acid blobs a gas spore a hobbit 2 large kobolds 4 hobgoblins 2 giant rats a cave spider a brown mold a yellow mold a green mold 38 gnomes 2 geckos 3 jackals 2 foxes a kobold 3 goblins a sewer rat 3 lichens a kobold zombie 4 newts 128 creatures vanquished. No species were genocided or became extinct. Voluntary challenges: You read items or engraved 4 times. You never engraved Elbereth. You never genocided any monsters. You never polymorphed an object. You never changed form. You used no wishes. Achievements: You entered a shop. You attained the rank of Field Worker. You entered the Gnomish Mines. You attained the rank of Investigator. You entered Minetown. You entered a temple. The Dungeons of Doom: levels 1 to 5 Level 1: Some fountains, a grave. Level 2: <- You were here. Final resting place for you, killed by a hill orc. Level 3: A general store. Level 4: Stairs down to The Gnomish Mines. Level 5: The Gnomish Mines: levels 5 to 9 Level 5: Level 6: Level 7: Level 8: Many shops, a temple and an altar, some fountains, some trees. Level 9: Game over: ---------- / \ / REST \ / IN \ / PEACE \ / \ | proxxiSWE | | 1900 Au | | killed by a hill | | orc | | | | | | 2023 | *| * * * | * _________)/\\_//(\/(/\)/\//\/|_)_______ Goodbye proxxiSWE the Archeologist... You died in The Dungeons of Doom on dungeon level 2 with 4912 points, and 1900 pieces of gold, after 5875 moves. You were level 7 with a maximum of 49 hit points when you died.